 Dungeon Crawl Stone Soup version 0.22-b1-26-g9dbaab1 (webtiles) character file.

58 dvd the Chucker (level 3, 0/35 HPs)
             Began as a Troll Hunter on Aug 6, 2018.
             Succumbed to an adder's poison
             ... on level 2 of the Dungeon.
             The game lasted 00:03:14 (1104 turns).

dvd the Chucker (Troll Hunter)                      Turns: 1104, Time: 00:03:15

Health: 0/35       AC:  5    Str: 18 (20) XL:     3   Next: 76%
Magic:  2/2        EV: 10    Int:  6 (7)  God:
Gold:   62         SH:  0    Dex: 10 (11) Spells: 2/2 levels left

rFire    . . .     SeeInvis .   i - +0 whip
rCold    . . .     Gourm    +   (no shield)
rNeg     . . .     Faith    .   b - +0 robe
rPois    .         Spirit   .   (helmet restricted)
rElec    .         Reflect  .   (no cloak)
rCorr    .         Harm     .   (gloves unavailable)
MR       .....                  (boots unavailable)
Stlth    +.........             (no amulet)
HPRegen  0.51/turn              (no ring)
MPRegen  0.08/turn              (no ring)

@: lethally poisoned (0 -> -2)
A: large, unfitting armour, claws 3, fast metabolism 3, gourmand, regeneration
1, shaggy fur 1, tough skin 2
a: no special abilities


You were on level 2 of the Dungeon.
You were completely stuffed.

You visited 1 branch of the dungeon, and saw 2 of its levels.

You collected 62 gold pieces.

Inventory:

Hand Weapons
 i - a +0 whip (weapon)
Missiles
 c - 3 large rocks (quivered)
 d - 2 throwing nets
 e - 55 stones
Armour
 b - a +0 robe (worn)
Scrolls
 a - 2 scrolls of blinking {unknown}
 g - a scroll of remove curse {unknown}
 h - 2 scrolls of random uselessness {unknown}
 j - a scroll of enchant armour {unknown}
 m - a scroll of teleportation {unknown}
 n - a scroll of fog {unknown}
 p - a scroll of identify {unknown}
Potions
 l - a potion of flight {unknown}
Comestibles
 f - 5 rations
 k - 2 chunks of flesh


   Skills:
 + Level 1.8 Fighting
 + Level 0.3 Maces & Flails
 + Level 4.5 Throwing
 + Level 2.0 Dodging
 + Level 0.3 Stealth
 + Level 0.5 Unarmed Combat


You had 2 spell levels left.
You didn't know any spells.
Your spell library was empty.

Dungeon Overview and Level Annotations

Branches:
Dungeon (2/15)

Altars:


Innate Abilities, Weirdness & Mutations

You are too large for most types of armour.
You have claws for hands.
Your metabolism is lightning-fast.
You like to eat raw meat.
Your natural rate of healing is unusually fast.
You are covered in fur. (AC +1)
You have very tough skin. (AC +2)


Message History

* * * LOW HITPOINT WARNING * * *
You are lethally poisoned!
The adder poisons you! The adder bites you but does no damage.
You hit the adder.
The adder is almost dead.
* * * LOW HITPOINT WARNING * * *
You feel sick. The adder bites you but does no damage.
You barely miss the adder.
The adder is almost dead.
* * * LOW HITPOINT WARNING * * *
You feel sick. The adder bites you but does no damage. The adder bites you.
* * * LOW HITPOINT WARNING * * *
You miss the adder.
The adder is almost dead.
* * * LOW HITPOINT WARNING * * *
You feel sick. The adder closely misses you.
It was a potion of degeneration.
There was something very wrong with that liquid.
You feel weakened.
You feel dopey.
You feel clumsy.
You die...

#...####
#...###.#.##.##.. #...#
........#.##.##.. #...#
#.#..##.#.##.##.. #....
#.##.##.#.##.###. ......
#.# ..#)#........ # ####
#(# #...####.###. ....
#.###...####.# #.
####..##.##.........# #.
(.....S@............###.
........................
###...#..####..####.###.
........................
###...#..#.##.(####.#.#.
#......#.##.># #.#.#.
#...#..# ##.## #.#.#.
#....... #.# #.#.#. #.#
#.....


You could see an adder.

Vanquished Creatures
  2 adders (D:2)
  A worm (D:2)
  8 bats
  A giant cockroach (D:1)
  5 hobgoblins
  4 jackals (D:1)
  A ball python (D:1)
  A frilled lizard (D:1)
  4 goblins
  6 kobolds
  4 rats
37 creatures vanquished.

Notes
Turn   | Place    | Note
-------+----------+-------------------------------------------
     0 | D:1      | dvd the Troll Hunter began the quest for the Orb.
     0 | D:1      | Reached XP level 1. HP: 19/19 MP: 0/0
   172 | D:1      | Reached XP level 2. HP: 28/28 MP: 1/1
   180 | D:1      | Reached skill level 4 in Throwing
   805 | D:2      | Reached XP level 3. HP: 35/35 MP: 2/2
   977 | D:2      | HP: 1/35 [kobold/whip (1)]
  1102 | D:2      | HP: 1/35 [adder (2)]
  1104 | D:2      | Succumbed to an adder's poison

Skill      XL: |  1  2  3 |
---------------+----------+-----
Throwing       | 4 |  4.5
Dodging        | 2 |  2.0
Fighting       | |  1.8
Maces & Flails | |  0.3
Stealth        | |  0.3
Unarmed Combat | |  0.5

Action                   || total
-------------------------++-------
Melee: Unarmed           ||    32
       Whip              ||   106
Throw: Large rock        ||    27
  Use: Potion            ||     2
  Eat: Chunk             ||    16
Armor: Robe              ||    74
Dodge: Dodged            ||   103
